 Dungeon Crawl Stone Soup version 0.19-a0-664-g51fd293 (webtiles) character file.

15200 LORDOFBUTT the Cleaver (level 11, -2/102 HPs)
             Began as a Minotaur Fighter on June 16, 2016.
             Was a Believer of Hepliaklqana.
             Slain by a blink frog (3 damage)
             ... on level 2 of the Lair of Beasts.
             The game lasted 00:20:03 (9881 turns).

LORDOFBUTT the Cleaver (Minotaur Fighter)           Turns: 9881, Time: 00:20:04

Health: -2/102     AC: 16    Str: 27    XL:     11   Next: 98%
Magic:  10/10      EV: 20    Int:  5    God:    Hepliaklqana [**....]
Gold:   656        SH:  0    Dex: 12    Spells: 0 memorised, 10 levels left

rFire  . . .     SeeInvis .     C - +2 battleaxe
rCold  . . .     Gourm    .     b - +0 scale mail
rNeg   . . .     Faith    .     (shield currently unavailable)
rPois  .         Spirit   .     (helmet restricted)
rElec  .         Dismiss  .     j - +0 cloak
rCorr  .         Reflect  .     w - +2 pair of gloves
SustAt .         Harm     .     E - +1 pair of boots
MR     +....                    (no amulet)
Stlth  ..........               t - ring of protection from magic
                                B - +5 ring of evasion

@: mighty, somewhat resistant to hostile enchantments, extremely unstealthy
A: retaliatory headbutt, horns 2
a: Recall Ancestor, Ancestor Identity, Renounce Religion


You were on level 2 of the Lair of Beasts.
You worshipped Hepliaklqana.
Hepliaklqana was pleased with you.
You were near starving.

You visited 3 branches of the dungeon, and saw 14 of its levels.

You collected 656 gold pieces.

Inventory:

Hand Weapons
 C - a +2 battleaxe (weapon)
Armour
 b - a +0 scale mail (worn)
 j - a +0 cloak (worn)
 w - a +2 pair of gloves (worn)
 E - a +1 pair of boots (worn)
Jewellery
 a - a -3 ring of intelligence
 t - a ring of protection from magic (right hand)
 v - an uncursed ring of fire
 B - a +5 ring of evasion (left hand)
 G - an uncursed ring of ice
 I - a +1 ring of evasion
Wands
 F - a wand of polymorph (14/24)
 L - a wand of iceblast (8/15)
 Q - a wand of disintegration (16/24)
 T - a wand of polymorph (11/24)
Scrolls
 c - 2 scrolls of enchant weapon {unknown}
 e - a scroll of fear {unknown}
 g - 2 scrolls of acquirement {unknown}
 i - 2 scrolls of amnesia {unknown}
 l - 8 scrolls of remove curse
 m - 2 scrolls of recharging {unknown}
 p - 3 scrolls of fog {unknown}
 s - a scroll of immolation {unknown}
 y - 8 scrolls of random uselessness {unknown}
 A - 2 scrolls of blinking {unknown}
 H - a scroll of noise {unknown}
 K - 3 scrolls of enchant armour
 N - 3 scrolls of identify
Potions
 d - a potion of might
 h - 4 potions of cure mutation
 k - 5 potions of lignification
 n - 4 potions of degeneration
 o - a potion of curing
 q - 2 potions of brilliance
 r - a potion of cancellation
 u - 2 potions of resistance
 z - 2 potions of agility
 D - a potion of heal wounds {unknown}
 J - a potion of mutation {unknown}
 S - 2 potions of haste {unknown}
Books
 x - a book of Enchantments

   Spells                             Type                      Level
   a - Cause Fear                     Hexes                        4
   b - Yara's Violent Unravelling     Hexes/Transmutation          5
   c - Silence                        Hexes/Air                    5
   d - Deflect Missiles               Charms/Air                   6
   e - Haste                          Charms                       6
   f - Discord                        Hexes                        8
Comestibles
 f - 8 bread rations
 M - 8 fruits
 O - 2 meat rations
 P - a beef jerky
 R - a royal jelly


   Skills:
 + Level 11.2 Fighting
 + Level 13.3 Axes
 + Level 9.9 Armour
 + Level 9.6 Dodging
 - Level 1.2 Stealth
   Level 7.9 Shields
 * Level 0.8 Invocations
 * Level 0.6 Evocations


You had 10 spell levels left.
You didn't know any spells.

Dungeon Overview and Level Annotations

Branches:
Dungeon (11/15)            Temple (1/1) D:4            Lair (2/6) D:8
    Orc (0/2) D:11
  Swamp: Lair:2-4    Shoals: Lair:2-4     Snake: Lair:2-4    Spider: Lair:2-4

Altars:
Ashenzari
Cheibriados
Dithmenos
Elyvilon
Fedhas
Gozag
Hepliaklqana
Kikubaaqudgha
Makhleb
Nemelex Xobeh
Okawaru
Pakellas
Qazlal
Ru
Sif Muna
Trog
Uskayaw
Vehumet
Xom
Yredelemnul
Zin
The Shining One

Shops:
D:6 (


Innate Abilities, Weirdness & Mutations

You reflexively headbutt those who attack you in melee.
You have a pair of horns on your head.


Message History

Demetirus closely misses the blink frog.
Okay, then.
Okay, then.
You feel better.
Demetirus blocks the blink frog's attack.
The blink frog blinks!
You feel very mighty all of a sudden.
The blink frog barely misses Demetirus.
The blink frog blinks!
The blink frog barely misses you. You furiously retaliate!
You headbutt the blink frog. The blink frog hits you!
* * * LOW HITPOINT WARNING * * *
The blink frog blinks!
The blink frog hits you but does no damage.
You slash the blink frog!
You kill the blink frog!
You slice the blink frog!!
The blink frog is severely wounded.
The blink frog closely misses you.
The blink frog blinks! x2
The blink frog hits you.
You die...

#### #..### ### ## ## #
##...######.## ###.###.#.#
#...........P#####P.#.......
............................
#............§..@...P.......
#.....†........F†R##.†.....§
..............F...###.......
#...........#....## .......
................... #..###.
..###≈.)≈##..§.....# ..#
..≈≈≈≈≈≈≈≈.........# .#.
..#≈≈≈≈≈≈≈≈(....... ...
..#≈≈≈≈≈≈ . .P


You could see the friendly Demetirus the knight and 2 blink frogs.

Vanquished Creatures
  Erolcha (D:8)
  A hill giant (D:10)
  A wizard (D:9)
  Maurice (D:8)
  Joseph (D:7)
  2 black mambas
  2 spiny frogs
  A rime drake (Lair:2)
  2 blink frogs (Lair:2)
  A spriggan (D:7)
  Eustachio (D:4)
  Sigmund (D:2)
  2 wyverns
  12 yaks
  A basilisk (D:11)
  4 hippogriffs
  A hungry ghost (D:7)
  Edmund (D:5)
  Duvessa (D:5)
  5 porcupines
  2 water moccasins
  5 orc warriors
  A black bear (D:6)
  A sky beast (D:4)
  3 ice beasts
  4 ogres
  5 wolves (Lair:2)
  A crocodile (Lair:1)
  4 centaurs
  A big kobold (D:7)
  The ghost of mdk the Conjurer, an amateur DECj (D:3)
  4 giant frogs
  Dowan (D:5)
  2 scorpions (D:6)
  7 wights
  A howler monkey (D:8)
  3 crimson imps
  2 centaur zombies
  2 giant frog zombies
  6 hounds
  2 quasits
  A wasp zombie (D:10)
  Crazy Yiuf (D:2)
  5 jellies
  6 orc priests
  8 orc wizards
  A giant frog skeleton (D:11)
  Ijyb (D:3)
  Natasha (thrice) (D:2)
  8 iguanas
  6 worker ants
  A hound skeleton (D:4)
  3 worker ant zombies
  Robin (D:3)
  3 gnolls (D:7)
  14 adders
  A shadow imp (D:6)
  3 oozes
  An adder zombie (D:5)
  An adder skeleton (D:4)
  A worm (D:3)
  A dart slug (D:1)
  5 giant geckos
  19 orcs
  4 bats
  A giant cockroach (D:3)
  16 goblins
  7 hobgoblins
  10 jackals
  4 quokkas
  A ball python (D:1)
  A ball python skeleton (D:4)
  A giant cockroach zombie (D:6)
  2 giant gecko skeletons (D:8)
  A giant gecko zombie (D:8)
  4 giant newts
  18 kobolds
  A quokka zombie (D:7)
  9 rats
274 creatures vanquished.

Vanquished Creatures (collateral kills)
  A hill giant (D:10)
  A spiny frog (Lair:1)
  A black mamba (Lair:2)
  A komodo dragon (Lair:1)
  A yak (Lair:1)
  A water moccasin (Lair:1)
  A porcupine (Lair:1)
  A centaur (D:10)
  An iguana (Lair:1)
  An orc (D:10)
10 creatures vanquished.

Vanquished Creatures (others)
  2 ancestors (D:11)
  A plant (D:2)
  4 toadstools (D:1)
7 creatures vanquished.

Grand Total: 291 creatures vanquished

Notes
Turn   | Place    | Note
--------------------------------------------------------------
     0 | D:1      | LORDOFBUTT the Minotaur Fighter began the quest for the Orb.
     0 | D:1      | Reached XP level 1. HP: 19/19 MP: 0/0
    49 | D:1      | Reached XP level 2. HP: 19/27 MP: 1/1
   192 | D:1      | Found a sparkling altar of Nemelex Xobeh.
   453 | D:2      | Noticed Natasha
   455 | D:2      | Killed Natasha
   455 | D:2      | Reached XP level 3. HP: 33/33 MP: 2/2
   469 | D:2      | Noticed Sigmund
   482 | D:2      | Killed Sigmund
   482 | D:2      | Reached skill level 3 in Axes
   482 | D:2      | Reached skill level 1 in Dodging
   482 | D:2      | Reached skill level 5 in Shields
   482 | D:2      | Reached XP level 4. HP: 34/41 MP: 3/3
   482 | D:2      | Reached XP level 5. HP: 39/47 MP: 4/4
   818 | D:2      | Noticed Natasha
   831 | D:2      | Killed Natasha
   900 | D:2      | Found a burning altar of Makhleb.
   910 | D:2      | Found a shimmering altar of Xom.
   941 | D:2      | Reached XP level 6. HP: 53/53 MP: 5/5
  1017 | D:2      | Noticed Crazy Yiuf
  1020 | D:2      | Killed Crazy Yiuf
  1020 | D:2      | Reached skill level 5 in Armour
  1293 | D:2      | Noticed Natasha
  1300 | D:2      | Killed Natasha
  1389 | D:3      | Noticed Ijyb
  1393 | D:3      | Noticed mdk's ghost (amateur DECj)
  1399 | D:3      | Killed Ijyb
  1399 | D:3      | Reached skill level 4 in Axes
  1423 | D:3      | Killed mdk's ghost
  1423 | D:3      | Reached skill level 5 in Fighting
  1559 | D:3      | Found an ancient bone altar of Kikubaaqudgha.
  1561 | D:3      | Found a blossoming altar of Fedhas.
  1608 | D:3      | Found a sparkling altar of Nemelex Xobeh.
  1680 | D:3      | Noticed Robin
  1693 | D:3      | Killed Robin
  1874 | D:4      | Reached XP level 7. HP: 61/61 MP: 6/6
  2028 | D:4      | Found a staircase to the Ecumenical Temple.
  2050 | D:4      | Noticed Eustachio
  2072 | Temple   | Entered the Ecumenical Temple
  2181 | D:4      | Killed Eustachio
  2294 | D:4      | Reached skill level 5 in Axes
  2617 | D:4      | Reached XP level 8. HP: 31/70 MP: 7/7
  2849 | D:5      | Entered Level 5 of the Dungeon
  3048 | D:5      | Found a bloodstained altar of Trog.
  3164 | D:5      | Noticed Edmund
  3179 | D:5      | Killed Edmund
  3179 | D:5      | Reached skill level 6 in Axes
  3179 | D:5      | Reached skill level 1 in Stealth
  3208 | D:5      | Noticed Duvessa
  3209 | D:5      | Noticed Dowan
  3218 | D:5      | Killed Duvessa
  3227 | D:5      | Killed Dowan
  3917 | D:6      | Found Foletov's Weapon Shop.
  3962 | D:6      | Reached skill level 5 in Dodging
  3995 | D:6      | Reached skill level 7 in Axes
  4104 | D:6      | Reached XP level 9. HP: 79/79 MP: 8/8
  4422 | D:6      | Found a basalt altar of Yredelemnul.
  4422 | D:6      | Found a snail-covered altar of Cheibriados.
  4504 | D:6      | Reached skill level 8 in Axes
  4888 | D:7      | Reached skill level 9 in Axes
  5449 | D:7      | Noticed Joseph
  5463 | D:7      | Reached XP level 10. HP: 69/89 MP: 9/9
  5475 | D:7      | Killed Joseph
  5714 | D:7      | Found a deep blue altar of Sif Muna.
  5969 | D:8      | Found a staircase to the Lair.
  6382 | D:8      | Noticed Erolcha
  6392 | D:8      | Killed Erolcha
  6392 | D:8      | Reached skill level 10 in Axes
  6498 | D:8      | Noticed Maurice
  6509 | D:8      | Killed Maurice
  6547 | D:8      | Found an iron altar of Okawaru.
  6740 | D:9      | Found a hazy altar of Hepliaklqana.
  7156 | D:9      | Noticed a wizard
  7177 | D:9      | Killed a wizard
  7392 | D:9      | Became a worshipper of Hepliaklqana
  7405 | D:10     | Entered Level 10 of the Dungeon
  7433 | D:10     | Noticed a hill giant
  7440 | D:10     | Killed a hill giant
  7440 | D:10     | Reached skill level 11 in Axes
  7830 | D:10     | Noticed a hill giant
  7838 | D:10     | Killed a hill giant
  7838 | D:10     | Reached XP level 11. HP: 59/99 MP: 10/10
  8061 | D:11     | Reached * piety under Hepliaklqana
  8062 | D:11     | Found a staircase to the Orcish Mines.
  8271 | D:11     | Reached skill level 10 in Fighting
  8271 | D:11     | Reached skill level 12 in Axes
  8359 | D:11     | Noticed a death knight
  8359 | D:11     | Noticed a phantasmal warrior
  8359 | D:11     | Noticed a phantasmal warrior
  8821 | Lair:1   | Entered Level 1 of the Lair of Beasts
  9005 | Lair:1   | Reached ** piety under Hepliaklqana
  9006 | Lair:1   | Remembered your ancestor Demetirus as a knight
  9289 | Lair:1   | HP: 2/101 [spiny frog (17)]
  9683 | Lair:2   | Reached skill level 13 in Axes
  9877 | Lair:2   | HP: 1/102 [blink frog (15)]
  9881 | Lair:2   | Slain by a blink frog

Vault maps used:
D:1:      ldierk_water_garden, nemelex_xobeh_ov_fountains_minmay
D:2:      amethyst_overflow_temple_binary, first_bread, lexackson_kobold_supper,
          uniq_sigmund, uniq_natasha, uniq_crazy_yiuf_cottage
D:3:      lemuel_doored_altar, grunt_temple_overflow_growth_and_decay,
          uniq_robin, uniq_iyjb
D:4:      minmay_temple_entry_large_hall, minmay_quantized, uniq_eustachio
D:5:      overflow_temple_1_default, uniq_edmund, uniq_duvessa
D:6:      gammafunk_temple_overflow_wave, serial_shops, shop_coins, nrook_uturn
D:7:      kennysheep_orc_sif_temple, the_bakery, uniq_joseph
D:8:      lemuel_coloured_pillars_altar, minmay_misc_feat_diagonals,
          kennysheep_generic_room_7, uniq_maurice, uniq_erolcha
D:9:      lemuel_round_altar
D:11:     orc_0_dummy
Temple:   circular_temple_12
Lair:1:   minmay_hedge_maze
Lair:2:   infiniplex_staircase_pool_2

Skill      XL: |  1  2  3  4  5  6  7  8  9 10 11 |
---------------+----------------------------------+-----
Armour         | 4 5 6 7 8 9 |  9.9
Shields        | 4 5 6 7 |  7.9
Fighting       | 4 5 7 8 9 11 | 11.2
Axes           | 3 4 5 7 9 11 13 | 13.3
Dodging        | 1 2 3 4 5 6 8 9 |  9.6
Stealth        | 1 |  1.2
Invocations    | |  0.8
Evocations     | |  0.6

Action                   |  1- 3 |  4- 6 |  7- 9 | 10-12 || total
-------------------------+-------+-------+-------+-------++-------
Melee: War axe           |    77 |   122 |   242 |       ||   441
       Headbutt          |     9 |    19 |    76 |    68 ||   172
       Battleaxe         |       |       |   110 |   302 ||   412
Invok: Recall Ancestor   |       |       |       |     1 ||     1
       Ancestor Life: Kn |       |       |       |     1 ||     1
  Use: Scroll            |       |       |    10 |     4 ||    14
       Potion            |       |       |     1 |     5 ||     6
  Eat: Bread ration      |       |     1 |       |     2 ||     3
       Fruit             |       |       |     4 |       ||     4
       Beef jerky        |       |       |     2 |       ||     2
       Meat ration       |       |       |     1 |     1 ||     2
Armor: Scale mail        |    54 |    53 |   117 |    92 ||   316
Dodge: Dodged            |    30 |    52 |   253 |   304 ||   639
Block: Shield            |    44 |    77 |   124 |       ||   245
